Map: Eternal Empire LE

Players

SpeCial

  • Race: Terran Terran
  • League: Master
  • Spawn Location: 7:00

RagnaroK (SHIN) - Winner!

  • Race: Zerg Zerg
  • League: Master
  • Spawn Location: 1:00

Event: War Chest Team League

VOD

Have the link to the VOD?

Description

Time

  • Played on: July 24, 2020, 5:45 a.m.
  • Length: 26:05

All games in this series

Show
View Real Time Build Order
Export as new Build Order

SpeCial Terran 

Build Orders: Liberator Opening, Reaper Expand 

Get SALT Encoding   

  12  0:00  SCV  
  13  0:13  SCV  
  14  0:17  Supply Depot  
  14  0:25  SCV  
  15  0:38  SCV  
  15  0:39  Barracks  
  16  0:43  Refinery  
  16  0:50  SCV  
  17  1:02  SCV  
  18  1:14  SCV  
  19  1:26  Orbital Command  
  19  1:28  Reaper  
  20  1:39  Command Center  
  20  1:47  Supply Depot  
  20  1:52  SCV  
  21  2:00  Marine  
  22  2:05  SCV  
  22  2:07  Factory  
  23  2:13  Refinery  
  23  2:17  SCV  
  25  2:25  Barracks Reactor  
  25  2:29  SCV  
  25  2:41  SCV  
  26  2:51  Starport  
  26  2:52  Orbital Command  
  26  2:53  SCV  
  27  3:05  SCV  
  28  3:06  Command Center  
  30  3:12  Hellion  
  30  3:16  Hellion  
  30  3:18  SCV  
  33  3:20  SCV  
  33  3:23  Marine  
  35  3:29  Liberator  
  35  3:33  SCV x2  
  40  3:39  Hellion  
  42  3:41  Supply Depot  
  42  3:44  Hellion  
  42  3:47  SCV  
  45  3:49  Barracks Tech Lab  
  45  3:52  SCV  
  46  4:03  SCV  
  46  4:04  SCV, Supply Depot  
  46  4:07  Hellion x2  
  52  4:16  SCV x2  
  54  4:18  Liberator  
  54  4:19  Orbital Command  
  57  4:28  SCV x2  
  57  4:30  Supply Depot  
  59  4:33  Hellion  
  59  4:35  Hellion  
  63  4:40  SCV  
  63  4:41  SCV  
  65  4:48  Orbital Command  
  65  4:53  SCV, Supply Depot  
  65  4:54  Hellion  
  65  4:56  Hellion  
  71  5:00  SCV  
  71  5:05  SCV, Refinery x2  
  73  5:12  SCV  
  73  5:19  SCV  
  73  5:20  SCV, Factory  
  73  5:21  Barracks Tech Lab  
  75  5:22  Hellion x2, Factory  
  75  5:25  Supply Depot  
  75  5:26  Armory  
  79  5:29  SCV  
  79  5:31  SCV  
  79  5:32  SCV  
  82  5:41  SCV  
  83  5:44  SCV, Hellion x2  
  85  5:51  SCV  
  85  5:53  SCV  
  85  5:56  SCV  
  85  6:03  SCV  
  86  6:05  SCV, Widow Mine x2  
  86  6:07  Starport Reactor  
  86  6:08  SCV  
  86  6:10  Supply Depot  
  92  6:13  Terran Vehicle Weapons Level 1  
  92  6:15  SCV, Cyclone, Infernal Pre-Igniter  
  92  6:16  Cyclone, Engineering Bay  
  92  6:17  SCV  
  100  6:20  SCV  
  101  6:25  Refinery  
  101  6:27  Refinery  
  101  6:30  Supply Depot  
  101  6:31  SCV x2  
  101  6:32  SCV, Hellion x2, Supply Depot  
  108  6:34  Barracks Tech Lab  
  108  6:35  Factory  
  108  6:36  Factory  
  108  6:43  SCV  
  109  6:51  SCV x2, Cyclone x2  
  109  6:52  Supply Depot  
  117  6:56  SCV  
  117  6:59  Starport Reactor  
  118  7:04  SCV x2  
  118  7:06  Supply Depot  
  118  7:08  SCV  
  121  7:12  Supply Depot  
  121  7:13  Supply Depot  
  119  7:16  SCV x2  
  119  7:20  SCV  
  122  7:23  Hellion x2  
  122  7:28  SCV  
  127  7:30  SCV  
  127  7:31  Supply Depot  
  127  7:32  SCV  
  127  7:35  Hellion x2, Cyclone x3, Command Center  
  141  7:38  Armory  
  141  7:44  Hellion x2  
  141  7:45  Liberator x2  
  151  7:56  Hellion x2  
  155  8:01  Missile Turret x2  
  155  8:03  Missile Turret  
  155  8:04  Supply Depot  
  152  8:06  Hellion x2  
  152  8:10  Drilling Claws  
  160  8:14  Siege Tank x3  
  160  8:16  Supply Depot  
  160  8:19  Terran Vehicle Weapons Level 2  
  163  8:27  Terran Vehicle And Ship Armor Level 1  
  163  8:30  Supply Depot, Widow Mine x2  
  163  8:33  Liberator  
  170  8:40  SCV x2  
  170  8:44  Missile Turret  
  170  8:45  Liberator  
  171  9:00  Missile Turret  
  171  9:01  SCV  
  163  9:03  Unknown  
  163  9:08  Hellion x2  
  163  9:09  Hellion x2  
  164  9:12  Widow Mine x2  
  164  9:15  Cyclone  
  164  9:16  SCV x3, Planetary Fortress  
  170  9:19  Liberator  
  170  9:22  Missile Turret  
  173  9:25  Mag-Field Accelerator  
  173  9:30  Hellion x4, Missile Turret  
  181  9:36  Command Center, Liberator  
  181  9:38  Thor  
  182  9:42  Supply Depot  
  182  9:43  Supply Depot  
  188  9:46  Thor  
  188  10:01  Thor  
  194  10:08  Factory  
  194  10:09  Factory  
  194  10:14  Sensor Tower  
  194  10:17  Hellion x3  
  200  10:25  Supply Depot  
  200  10:27  Terran Vehicle And Ship Armor Level 2  
  200  10:44  Command Center  
  200  10:45  Command Center  
  198  10:55  Siege Tank  
  199  11:00  Missile Turret  
  199  11:03  Siege Tank  
  196  11:14  Siege Tank  
  196  11:15  Hellion x2  
  183  11:20  Hellion  
  183  11:22  Hellion  
  176  11:27  Siege Tank  
  176  11:29  Planetary Fortress  
  175  11:35  SCV x2  
  175  11:36  SCV, Hellion x3  
  175  11:37  Refinery  
  175  11:38  Missile Turret, Sensor Tower  
  174  11:41  Refinery  
  174  11:43  Terran Vehicle Weapons Level 3  
  174  11:45  Hellion x2, Factory Tech Lab x2  
  174  11:46  Siege Tank  
  179  11:47  SCV  
  179  11:51  Missile Turret  
  180  11:57  Siege Tank  
  180  11:58  Hellion x2  
  180  11:59  Cyclone  
  183  12:07  Hellion x2, Siege Tank x2  
  191  12:10  Orbital Command x2, Barracks  
  189  12:18  Siege Tank  
  189  12:21  Hellion  
  189  12:22  Hellion  
  198  12:31  Siege Tank  
  199  12:50  Sensor Tower  
  199  12:51  Missile Turret  
  199  12:53  Command Center, Starport  
  199  12:56  Starport  
  199  13:03  Hellion  
  199  13:09  Hellion  
  167  13:12  Viking  
  167  13:13  Viking  
  168  13:23  Siege Tank  
  168  13:24  Hellion x2, Siege Tank x3  
  168  13:26  Hellion x2  
  188  13:32  Terran Vehicle And Ship Armor Level 3  
  188  13:34  Starport Reactor x2  
  188  13:40  Missile Turret  
  186  13:44  Smart Servos  
  186  13:46  Command Center  
  186  13:48  Hellion x3, Thor  
  198  14:09  Thor  
  200  14:16  Thor  
  200  14:36  Command Center  
  200  14:41  Thor  
  195  14:58  Thor  
  195  14:59  Hellion  
  197  15:03  Hellion x2  
  197  15:05  Viking x2  
  200  15:07  Planetary Fortress  
  173  15:22  Hellion x2, Thor x2  
  173  15:23  Hellion  
  173  15:25  Viking x4  
  173  15:26  Hellion, Siege Tank  
  173  15:27  Hellion  
  167  15:39  Viking  
  167  15:40  Viking  
  167  15:41  Siege Tank  
  174  15:44  Hellion x2  
  174  15:45  Hellion, Unknown  
  174  15:47  Missile Turret  
  174  15:48  Hellion, Widow Mine  
  184  15:50  Sensor Tower  
  184  15:55  Viking, Terran Ship Weapons Level 1  
  184  15:56  Orbital Command  
  180  15:58  Orbital Command, Thor  
  180  16:02  Viking  
  186  16:05  Siege Tank x2  
  186  16:06  Thor  
  198  16:17  Hellion  
  194  16:42  Siege Tank x3  
  199  16:49  Command Center  
  197  17:09  Hellion  
  197  17:12  Orbital Command  
  197  17:13  Hellion  
  197  17:14  Hellion  
  178  17:19  Command Center  
  178  17:20  Hellion  
  180  17:24  Hellion, Siege Tank  
  180  17:25  Cyclone x2  
  191  17:30  Siege Tank  
  191  17:34  SCV  
  191  17:35  SCV  
  196  17:40  Hellion  
  192  17:45  Cyclone  
  192  17:50  Hellion  
  197  17:56  Cyclone  
  197  17:57  Siege Tank  
  193  18:20  Hellion, Cyclone  
  193  18:23  Hellion  
  200  18:32  Fusion Core  
  196  18:37  Hellion x2  
  196  18:39  Hellion, Cyclone  
  199  18:44  Hellion  
  199  18:45  Cyclone  
  198  18:50  Hellion  
  198  18:55  Hellion  
  198  18:58  Planetary Fortress  
  198  19:01  Command Center  
  196  19:03  Command Center  
  196  19:05  Hellion  
  196  19:07  Terran Ship Weapons Level 2  
  196  19:08  Cyclone  
  187  19:18  Hellion  
  187  19:19  Hellion x2, Cyclone x2  
  187  19:21  Hellion  
  194  19:28  Hellion, Cyclone  
  194  19:40  Hellion x3, Siege Tank  
  194  19:42  Hellion  
  195  19:48  Missile Turret  
  195  19:49  Missile Turret  
  195  19:50  Hellion  
  195  19:51  Hellion, Cyclone  
  179  20:00  Cyclone  
  179  20:01  Hellion x3  
  179  20:02  Viking x2  
  179  20:04  Siege Tank  
  159  20:11  Hellion  
  159  20:12  Hellion  
  144  20:24  Cyclone  
  143  20:30  Cyclone  
  143  20:32  Hellion, Cyclone  
  143  20:33  Orbital Command  
  149  20:35  Orbital Command x2  
  149  20:42  Hellion  
  129  20:51  Cyclone  
  129  20:52  Cyclone  
  129  20:56  Cyclone  
  116  21:02  Cyclone  
  119  21:05  Widow Mine  
  120  21:16  Cyclone, Widow Mine  
  125  21:20  Hellion  
  125  21:23  Cyclone  
  125  21:24  Cyclone  
  124  21:35  Liberator x3  
  124  21:37  Hellion, Siege Tank x2  
  124  21:38  Hellion  
  124  21:39  Hellion  
  145  21:41  Hellion  
  143  21:55  Hellion, Cyclone  
  143  22:00  Orbital Command  
  145  22:01  Orbital Command  
  145  22:02  Hellion  
  127  22:11  Hellion, Siege Tank x2  
  135  22:17  Hellion, Cyclone  
  135  22:22  Orbital Command  
  140  22:26  Siege Tank  
  140  22:27  Hellion x2  
  140  22:29  Hellion  
  147  22:42  SCV x3, Missile Turret  
  147  22:43  Siege Tank  
  153  22:50  Siege Tank  
  156  22:58  Siege Tank  
  159  22:59  Missile Turret  
  159  23:02  Hellion  
  154  23:15  Hellion  
  154  23:17  Missile Turret, Siege Tank  
  133  23:20  Hellion  
  133  23:24  Orbital Command  
  119  23:28  Hellion, Cyclone  
  119  23:31  Hellion  
  102  23:38  Hellion  
  101  23:46  Orbital Command  
  96  23:48  Cyclone  
  99  24:06  Hellion  
  101  24:11  SCV x2  
  101  24:12  SCV, Hellion  
  106  24:17  Hellion  
  106  24:21  Hellion  
  110  24:24  Hellion  
  110  24:26  Hellion x2  
  114  24:32  Hellion, Cyclone  
  114  24:34  Hellion  
  114  24:38  Hellion x2  
  125  24:47  Missile Turret, Siege Tank  
  125  24:48  SCV x5  
  131  24:53  Hellion, Cyclone  
  131  24:55  Hellion, Cyclone  
  128  25:05  Siege Tank x2  
  128  25:06  Hellion  
  136  25:13  Hellion  
  136  25:19  Siege Tank  
  139  25:25  Siege Tank  
  142  25:31  Hellion x5  
  142  25:32  Hellion  
  139  25:39  Hellion  
  120  25:42  Hellion  
Show
View Real Time Build Order
Export as new Build Order

RagnaroK Zerg - Winner!

Build Orders: Hatch First, Muta Ling Bane 

Get SALT Encoding   

  12  0:00  Drone  
  13  0:12  Overlord  
  13  0:17  Drone  
  14  0:31  Drone x2  
  16  0:48  Hatchery  
  15  0:51  Drone  
  15  0:55  Drone  
  17  0:59  Drone  
  18  1:09  Extractor  
  17  1:13  Spawning Pool  
  17  1:17  Drone  
  17  1:23  Drone  
  18  1:29  Drone  
  19  1:57  Overlord  
  19  2:00  Queen x2  
  19  2:01  Zergling x6  
  26  2:11  Drone x2  
  28  2:25  Hatchery  
  28  2:29  Drone  
  28  2:31  Drone  
  29  2:40  Metabolic Boost  
  29  2:42  Drone  
  30  2:47  Queen  
  32  2:53  Overlord  
  32  2:56  Drone  
  33  2:59  Drone  
  33  3:03  Pneumatized Carapace  
  34  3:09  Drone x2  
  36  3:13  Drone  
  36  3:14  Drone  
  36  3:15  Drone  
  36  3:18  Drone  
  40  3:20  Drone  
  40  3:25  Overlord  
  41  3:28  Drone x2  
  41  3:30  Drone  
  44  3:36  Queen  
  44  3:41  Drone  
  47  3:43  Zergling x6  
  47  3:44  Zergling x2  
  51  3:49  Queen  
  51  3:53  Overlord  
  51  3:55  Drone  
  54  3:59  Spore Crawler, Drone  
  54  4:00  Drone  
  54  4:02  Drone  
  56  4:04  Drone  
  56  4:05  Drone  
  58  4:10  Overlord  
  58  4:13  Drone  
  58  4:15  Queen  
  61  4:19  Overlord  
  61  4:21  Drone  
  61  4:22  Drone  
  63  4:25  Drone x2  
  65  4:31  Drone  
  65  4:32  Spore Crawler  
  65  4:33  Spore Crawler, Drone  
  65  4:34  Drone  
  65  4:38  Drone x3  
  69  4:45  Zergling x4  
  71  4:52  Drone x2  
  73  4:55  Drone x2  
  73  4:56  Drone x2  
  73  4:57  Evolution Chamber  
  73  4:58  Evolution Chamber  
  75  5:00  Lair  
  75  5:01  Drone  
  75  5:03  Extractor  
  75  5:05  Extractor  
  74  5:08  Zergling x8  
  74  5:12  Baneling Nest  
  74  5:13  Evolution Chamber  
  76  5:15  Drone  
  76  5:18  Drone x4  
  80  5:21  Drone  
  80  5:25  Zerg Ground Armor Level 1  
  80  5:26  Drone  
  80  5:27  Drone  
  82  5:33  Overlord  
  82  5:34  Overlord x2  
  82  5:35  Drone  
  82  5:39  Overlord  
  82  5:43  Overlord  
  82  5:45  Overlord  
  82  5:50  Overlord  
  82  5:52  Drone x2  
  82  5:53  Drone x3  
  82  5:56  Drone  
  85  5:57  Drone  
  85  5:58  Zerg Melee Weapons Level 1  
  85  5:59  Drone  
  85  6:01  Extractor  
  85  6:02  Drone, Extractor  
  85  6:03  Drone, Extractor  
  86  6:10  Drone  
  87  6:12  Centrifical Hooks  
  87  6:13  Drone x3  
  87  6:17  Drone x2  
  92  6:26  Hatchery  
  92  6:28  Drone x3  
  94  6:33  Zergling x2, Overlord, Spire  
  94  6:39  Zergling x10  
  99  6:45  Drone  
  99  6:46  Roach Warren  
  99  6:48  Overlord  
  99  6:55  Zergling x12  
  99  7:00  Overlord  
  99  7:01  Drone x3  
  108  7:07  Overlord  
  107  7:16  Zergling x2  
  107  7:17  Zergling x12  
  107  7:21  Queen  
  112  7:31  Glial Reconstitution  
  112  7:33  Overlord  
  108  7:44  Mutalisk x10  
  108  7:47  Baneling x2  
  108  7:48  Baneling x2  
  128  8:00  Mutalisk x3  
  128  8:04  Hatchery  
  130  8:06  Hatchery  
  130  8:10  Mutalisk  
  130  8:12  Zergling x6  
  132  8:13  Zergling x12  
  138  8:23  Mutalisk  
  138  8:24  Mutalisk  
  142  8:27  Overlord  
  142  8:28  Hatchery, Zerg Flyer Weapons Level 1  
  142  8:31  Zerg Missile Weapons Level 1  
  141  8:40  Overlord, Zerg Melee Weapons Level 2  
  141  8:42  Drone x4  
  141  8:44  Drone  
  141  8:47  Drone x5  
  141  8:48  Drone x2  
  153  8:54  Overlord  
  153  8:55  Overlord  
  138  9:08  Drone x4  
  141  9:12  Drone x3, Extractor  
  141  9:15  Extractor  
  141  9:16  Roach x2  
  141  9:17  Roach  
  146  9:21  Infestation Pit, Roach x2  
  146  9:22  Roach, Queen  
  153  9:26  Roach  
  153  9:29  Baneling x9  
  153  9:31  Roach x2  
  159  9:33  Roach  
  159  9:37  Roach  
  163  9:38  Roach  
  163  9:39  Roach x2  
  163  9:41  Ravager x3, Queen, Drone x3  
  176  9:47  Spine Crawler  
  176  9:48  Drone x2  
  176  9:49  Zergling x2, Roach  
  176  9:50  Spine Crawler  
  179  9:53  Ravager x2  
  179  9:54  Ravager, Drone x3  
  179  9:56  Unknown  
  184  10:01  Zergling x8, Hive, Roach  
  184  10:04  Drone x3  
  193  10:09  Spine Crawler  
  193  10:10  Zergling x4, Roach  
  193  10:13  Baneling x7  
  196  10:14  Drone  
  196  10:18  Ravager x2  
  196  10:19  Ravager  
  200  10:29  Overlord  
  200  10:33  Pathogen Glands  
  200  10:34  Baneling x7  
  197  10:41  Spine Crawler  
  197  10:42  Hatchery, Drone x4  
  199  10:43  Spine Crawler  
  199  10:44  Spine Crawler  
  199  10:47  Drone x2  
  199  10:48  Zergling x8, Roach, Drone  
  200  10:51  Baneling  
  200  10:52  Baneling x11  
  200  11:01  Zerg Missile Weapons Level 2  
  192  11:11  Zergling x2, Roach x2  
  192  11:12  Zergling x8  
  181  11:18  Zergling x6, Roach  
  181  11:19  Zergling x28  
  181  11:21  Roach  
  181  11:23  Zergling x2, Roach  
  185  11:28  Roach x2  
  185  11:32  Adrenal Glands  
  185  11:33  Greater Spire  
  185  11:35  Viper x3  
  194  11:41  Drone x3  
  194  11:43  Spine Crawler  
  194  11:45  Zergling x6  
  199  11:47  Baneling x10  
  199  11:48  Baneling x3  
  199  11:51  Baneling x3  
  195  12:08  Zergling x8, Roach  
  199  12:11  Evolution Chamber, Baneling x4  
  199  12:13  Ravager  
  199  12:20  Zerg Melee Weapons Level 3  
  199  12:28  Ultralisk Cavern, Baneling x10  
  198  12:36  Drone x2  
  199  12:45  Zerg Flyer Weapons Level 2  
  199  12:51  Extractor  
  199  12:52  Spine Crawler  
  199  12:53  Drone x2  
  199  12:54  Spore Crawler  
  199  12:55  Extractor  
  185  13:10  Drone x3  
  185  13:12  Corruptor x7  
  173  13:13  Corruptor x2  
  191  13:22  Drone x3  
  191  13:26  Zerg Missile Weapons Level 3  
  194  13:30  Hatchery  
  191  13:40  Overseer  
  190  13:44  Chitinous Plating  
  190  13:50  Hatchery  
  186  14:12  Drone  
  186  14:13  Drone x3  
  186  14:16  Zergling x22, Roach  
  200  14:34  Overseer  
  199  14:42  Drone x3  
  190  14:46  Zergling x18, Roach x2  
  190  14:48  Baneling x11  
  197  14:54  Zergling x2, Roach  
  198  15:01  Zergling x8, Roach  
  199  15:08  Zergling x2  
  197  15:21  Zergling x14, Roach x6  
  181  15:22  Zergling x6, Roach x4  
  181  15:25  Zergling x2, Roach x5  
  181  15:27  Zergling x4, Roach  
  181  15:28  Zergling x6  
  194  15:32  Zergling x18, Roach  
  194  15:35  Roach, Baneling x6  
  198  15:41  Baneling x11  
  198  15:53  Drone x2  
  198  15:56  Hatchery, Spine Crawler x2, Drone x5  
  198  15:57  Drone  
  194  16:12  Baneling x17  
  194  16:19  Drone x2  
  194  16:20  Drone x4  
  195  16:43  Ravager x7  
  195  16:45  Hatchery  
  198  16:48  Neural Parasite  
  198  16:49  Burrow  
  198  16:50  Zerg Ground Armor Level 2  
  198  16:55  Drone  
  173  17:21  Zergling x2, Ultralisk x3  
  187  17:27  Drone x2  
  187  17:29  Zergling x16, Roach  
  199  17:30  Unknown  
  199  17:32  Ravager x3  
  198  17:44  Zergling x6, Roach  
  198  17:48  Baneling x18  
  198  17:58  Roach  
  199  18:05  Baneling x4  
  195  18:06  Baneling x2  
  188  18:26  Infestor x4  
  188  18:27  Infestor x2  
  183  18:31  Viper x2  
  183  18:34  Drone x4  
  190  18:44  Zergling x16, Roach  
  189  18:49  Zergling x26, Roach  
  189  18:54  Ravager x2  
  193  18:59  Zergling x14, Roach  
  197  19:07  Ravager, Baneling x4  
  197  19:08  Baneling x23  
  197  19:09  Zergling x10, Roach  
  191  19:19  Zergling x10, Roach  
  195  19:26  Spine Crawler  
  195  19:27  Spine Crawler x2  
  189  19:32  Zergling x2  
  189  19:33  Zergling x16, Roach  
  197  19:38  Extractor  
  197  19:39  Drone x2  
  197  19:40  Hatchery, Extractor  
  197  19:42  Drone  
  197  19:43  Spine Crawler, Drone x2  
  197  19:44  Spine Crawler x2  
  190  19:49  Zergling x4, Roach  
  185  19:57  Zergling x2, Ultralisk  
  185  19:58  Zergling x6  
  185  19:59  Ultralisk  
  178  20:05  Ultralisk x5  
  183  20:08  Infestor x4  
  183  20:10  Infestor  
  183  20:12  Drone  
  183  20:13  Ultralisk  
  189  20:17  Drone x3  
  189  20:19  Extractor  
  180  20:24  Infestor x3  
  184  20:29  Zergling x2, Ultralisk  
  184  20:31  Zergling x2  
  184  20:32  Ravager x2  
  184  20:33  Ravager  
  184  20:34  Zergling x2  
  192  20:37  Zergling x2  
  192  20:38  Zergling x2  
  192  20:42  Zergling x6  
  196  20:49  Zergling x2, Ultralisk  
  198  20:51  Zergling x2  
  198  20:53  Zergling x4  
  198  20:56  Zergling x2  
  198  21:13  Zergling x4, Hatchery  
  180  21:21  Zergling x12, Ultralisk  
  180  21:23  Zergling x2, Infestor x6  
  180  21:24  Zergling x2  
  186  21:26  Zergling x2  
  186  21:29  Zergling x4  
  186  21:30  Zergling x4  
  183  21:38  Zergling x12  
  188  21:41  Baneling  
  188  21:42  Baneling x4  
  188  21:48  Zergling x14  
  188  21:50  Baneling  
  188  21:51  Baneling x4  
  191  21:57  Zergling x10  
  173  22:06  Zergling x8, Ultralisk  
  173  22:08  Zergling x2  
  173  22:11  Zergling x2  
  173  22:14  Zergling x4  
  166  22:16  Infestor x2  
  166  22:22  Zergling x2, Ultralisk  
  170  22:24  Roach  
  170  22:25  Roach  
  170  22:27  Roach  
  170  22:28  Roach  
  178  22:36  Roach x3  
  178  22:37  Roach  
  186  22:38  Baneling x2  
  186  22:39  Baneling x6  
  186  22:40  Zergling x4  
  184  22:44  Zergling x4  
  184  22:48  Zergling x8  
  185  22:51  Ravager x4  
  185  22:54  Drone x2  
  189  23:00  Zergling x2  
  189  23:01  Zergling x6  
  189  23:03  Hatchery  
  189  23:04  Zergling x4  
  189  23:09  Zergling x8  
  160  23:22  Zergling x10, Ultralisk  
  160  23:26  Zergling x4  
  155  23:30  Infestor x3  
  134  23:36  Zergling x6  
  134  23:39  Zergling x2  
  130  23:44  Roach x3  
  130  23:46  Roach x2  
  139  23:49  Roach  
  139  23:53  Roach x2  
  139  23:54  Roach  
  141  24:00  Zergling x2, Roach  
  141  24:01  Drone  
  141  24:02  Zergling x8, Roach, Drone  
  150  24:03  Infestor x3  
  150  24:07  Queen x3  
  150  24:09  Zergling x2, Roach  
  159  24:10  Baneling  
  159  24:11  Baneling  
  159  24:14  Spore Crawler  
  159  24:16  Zergling x14  
  165  24:18  Unknown  
  165  24:21  Spine Crawler  
  165  24:22  Zergling x4  
  165  24:23  Spine Crawler  
  164  24:24  Zergling x2  
  164  24:25  Zergling x4, Roach  
  164  24:28  Zergling x4  
  170  24:31  Spine Crawler  
  170  24:33  Ravager  
  170  24:34  Ravager x2  
  172  24:45  Zergling x22, Roach  
  185  24:47  Baneling x4  
  185  24:48  Ultralisk  
  177  24:54  Zergling x12, Roach  
  177  24:59  Zergling x10  
  161  25:07  Zergling x8, Roach  
  161  25:09  Zergling x4  
  167  25:17  Ravager x6  
  167  25:18  Zergling x12  
  167  25:19  Zergling x2  
  176  25:30  Zergling x14, Roach  
  182  25:41  Zergling x12  
  169  25:44  Zergling x4  
Tags
 
Add a new tag
Caveats
  • Supply blocks, unpowered buildings, or Contaminate may cause inaccurate times.
  • Supply counts are checked every 10 seconds.